 Dungeon Crawl Stone Soup version 0.31-a0-261-g072fdb8a1f (webtiles) character file.

Game seed: 11274499478397019340

112 qw the Shooter (level 4, -1/26 HPs)
             Began as a Gargoyle Hexslinger on July 13, 2023.
             Slain by Ijyb
             ... wielding a +0 club
              (2 damage)
             ... on level 3 of the Dungeon.
             The game lasted 00:00:53 (1745 turns).

qw the Shooter (Gargoyle Hexslinger)                Turns: 1745, Time: 00:00:53

Health: -1/26      AC:  6    Str: 12    XL:     4   Next: 93%
Magic:  5/5        EV: 11    Int: 13    God:
Gold:   199        SH:  0    Dex: 14    Spells: 4/5 levels left

rFire   . . .        Y - +2 sling
rCold   . . .        (no shield)
rNeg    + . .        e - +0 leather armour
rPois   inf          (no helmet)
rElec   +            (no cloak)
rCorr   +            (no gloves)
SInv    .            (no boots)
Will    .....        (no amulet)
Stlth   +            i - ring of resist corrosion
HPRegen 0.24/turn    (no ring)
MPRegen 0.09/turn

%: no passive effects
@: no status effects
A: sickness immunity, AC +3, negative energy resistance 1, electricity
resistance, torment resistance 1, petrification resistance
a: no special abilities


You were on level 3 of the Dungeon.
You visited 1 branch of the dungeon, and saw 3 of its levels.

You collected 199 gold pieces.


Innate Abilities, Weirdness & Mutations

You are immune to sickness and miasma.
Your stone body is resilient. (AC +3)
You are immune to poison.
You resist negative energy. (rN+)
You are resistant to electric shocks. (rElec)
You are resistant to unholy torment.
You are immune to petrification.


   Skills:
 - Level 2.0 Fighting
 + Level 4.6 Ranged Weapons
 - Level 1.5 Dodging
 - Level 1.0 Spellcasting
 - Level 2.6 Hexes


You had 4 spell levels left.
You knew the following spells:

 Your Spells              Type           Power      Damage    Failure   Level
a - Slow                  Hex            28%        N/A       12%         1

Your spell library contained the following spells:

 Spells                   Type           Power      Damage    Failure   Level
 Inner Flame              Hex/Fire       4%         N/A       52%         3
 Portal Projectile        Hex/Tloc       8%         N/A       52%         3
 Cause Fear               Hex            3%         N/A       75%         4

Inventory:

Hand Weapons
 Y - a +2 sling (weapon)
Armour
 e - a +0 leather armour (worn)
Jewellery
 i - a ring of resist corrosion (left hand)
Scrolls
 a - a scroll of enchant armour
 c - a scroll of identify
Potions
 d - 2 potions of brilliance {unknown}
 g - a potion of attraction {unknown}

Dungeon Overview and Level Annotations

Branches:
Dungeon (3/15)

Altars:

Annotations:
D:3 Ijyb


Message History

Ijyb is severely wounded.
The giant cockroach zombie closely misses you.
Ijyb hits you with a +0 club.
You shoot a sling bullet.
The sling bullet hits Ijyb but does no damage.
Ijyb is severely wounded.
Ijyb hits you with a +0 club.
The giant cockroach zombie closely misses you.
You shoot a sling bullet. The sling bullet barely misses Ijyb.
The giant cockroach zombie closely misses you.
Ijyb hits you with a +0 club. Ijyb barely misses you.
The giant cockroach zombie completely misses you.
You shoot a sling bullet. The sling bullet closely misses Ijyb.
The giant cockroach zombie bites you. Ijyb barely misses you.
You shoot a sling bullet.
The sling bullet hits Ijyb but does no damage.
Ijyb is severely wounded.
Ijyb hits you but does no damage.
The giant cockroach zombie bites you but does no damage.
You shoot a sling bullet. The sling bullet barely misses Ijyb.
Ijyb zaps a wand.
You resist with some effort.
The giant cockroach zombie barely misses you.
You shoot a sling bullet. The sling bullet hits Ijyb.
Ijyb is almost dead.
The giant cockroach zombie closely misses you.
Ijyb hits you with a +0 club. Ijyb closely misses you.
The giant cockroach zombie closely misses you.
You shoot a sling bullet.
The sling bullet hits Ijyb but does no damage.
Ijyb is almost dead.
The giant cockroach zombie bites you but does no damage.
Ijyb hits you with a +0 club.
You shoot a sling bullet.
The sling bullet hits Ijyb but does no damage.
Ijyb is almost dead.
Ijyb barely misses you.
The giant cockroach zombie closely misses you.
You shoot a sling bullet. The sling bullet barely misses Ijyb.
The giant cockroach zombie misses you. Ijyb hits you with a +0 club.
You die...

######..## #..#
.....##..## #..##
.....##...### #...#
.....##.....###.#.## #.
........%...).#....##...
.....####........#....#
#.#### #...#..........
...## ###.##...#.#.#
....### #.###.@..#
......#####.. #.gZ##
..<##.....###.....#
..)....##...........
...###...............
.............)........
...###...........?....
............?.<........
##..(#....


You could see Ijyb and a giant cockroach zombie.

Vanquished Creatures
  6 adders
  An adder skeleton (D:3)
  A worm (D:2)
  A dart slug (D:1)
  An orc (D:3)
  4 bats
  2 endoplasms
  3 giant cockroaches (D:1)
  5 goblins
  2 hobgoblins
  A jackal (D:1)
  3 quokkas
  9 ball pythons
  A ball python skeleton (D:3)
  A frilled lizard (D:1)
  A jackal skeleton (D:3)
  4 kobolds
  3 rats
49 creatures vanquished.

Notes
Turn   | Place    | Note
-------+----------+-------------------------------------------
     0 | D:1      | qw the Gargoyle Hexslinger began the quest for the Orb.
     0 | D:1      | Reached XP level 1. HP: 12/12 MP: 2/2
     0 | D:1      | 0 ||| qw: Version: 0.3-a-52-g30416fa
     0 | D:1      | 0 ||| qw: Game counter: 7000
     0 | D:1      | 0 ||| qw: Melee chars always use a shield: true
     0 | D:1      | 0 ||| qw: God list: Okawaru
     0 | D:1      | 0 ||| qw: Allow faded altars: false
     0 | D:1      | 0 ||| qw: Do Orc after clearing Dungeon:15 true
     0 | D:1      | 0 ||| qw: Do second Lair branch before Depths: true
     0 | D:1      | 0 ||| qw: Lair rune preference: random
     0 | D:1      | 0 ||| qw: Goals: Normal
     0 | D:1      | 0 ||| PLANNING D:1-11
    99 | D:1      | Reached XP level 2. HP: 16/16 MP: 3/3
   325 | D:1      | Reached skill level 3 in Ranged Weapons
   675 | D:1      | 675 ||| UPGRADING to +0 leather armour.
   685 | D:1      | 685 ||| DROPPING +0 robe.
   686 | D:1      | 686 ||| UPGRADING to ring of resist corrosion.
   687 | D:1      | 687 ||| READING scroll labelled ZAPOEB OLOPS.
   688 | D:1      | 688 ||| READING scroll labelled IGEITR SUCI.
   689 | D:1      | 689 ||| READING scroll labelled WINLYI COBRI.
   790 | D:1      | 790 ||| READING scroll labelled EDWESOY ROIRE.
   791 | D:1      | 791 ||| READING scroll labelled FEKOIN HUSM.
   792 | D:1      | 792 ||| READING scroll labelled ORIECO XAN QIU.
   793 | D:1      | 793 ||| READING scroll labelled UPTUSTR MUHI POR.
   794 | D:1      | 794 ||| READING scroll labelled EZEGIN YL AVVE.
   795 | D:1      | 795 ||| DROPPING scroll of poison.
   822 | D:2      | Reached XP level 3. HP: 19/21 MP: 4/4
  1142 | D:2      | Reached XP level 4. HP: 22/26 MP: 5/5
  1197 | D:2      | Reached skill level 4 in Ranged Weapons
  1564 | D:2      | 1564 ||| READING scroll labelled SALUOKO BIRU.
  1569 | D:2      | 1569 ||| READING scroll labelled RAMPA VIEDGHACSIAH.
  1570 | D:2      | 1570 ||| READING scroll labelled YLACLADUNU.
  1571 | D:2      | 1571 ||| READING 2 scrolls of identify.
  1571 | D:2      | 1571 ||| IDENTIFYING lumpy yellow potion
  1578 | D:3      | 1578 ||| PLANNING SEWER
  1678 | D:3      | Noticed Ijyb
  1681 | D:3      | Paralysed by Ijyb for 5 turns
  1690 | D:3      | Paralysed by Ijyb for 3 turns
  1695 | D:3      | Paralysed by Ijyb for 5 turns
  1705 | D:3      | Paralysed by Ijyb for 3 turns
  1720 | D:3      | HP: 6/26 [Ijyb/+0 club (3)]
  1721 | D:3      | 1721 ||| DRINKING potion of heal wounds.
  1721 | D:3      | Paralysed by Ijyb for 3 turns
  1727 | D:3      | Paralysed by Ijyb for 5 turns
  1734 | D:3      | Paralysed by Ijyb for 2 turns
  1742 | D:3      | HP: 2/26 [Ijyb/+0 club (6)]
  1745 | D:3      | Slain by Ijyb

Levels and vault maps discovered:
D:1:      wander_arrival_chamber, layout_basic, minmay_ruptured
D:2:      layout_loops_ring, hangedman_decor_lopped
D:3:      layout_rooms, overflow_temple_1_default, portal_sewer_entry_f,
          serial_undead, serial_undead_d, serial_undead_c, serial_undead_b,
          serial_undead_f, nrook_loot_triangle, minmay_hedge_maze, uniq_ijyb

Skill      XL: |  1  2  3  4 |
---------------+-------------+-----
Ranged Weapons | 3 4 |  4.6
Fighting       | 2 |  2.0
Dodging        | |  1.5
Spellcasting   | |  1.0
Hexes          | |  2.6

Action                     |  1- 3 |  4- 6 || total
---------------------------+-------+-------++-------
   Fire: Sling             |   119 |   111 ||   230
    Use: Scroll            |     8 |     4 ||    12
         Potion            |       |     1 ||     1
 Armour: Robe              |     8 |       ||     8
         Leather armour    |    20 |    46 ||    66
  Dodge: Dodged            |    52 |    53 ||   105

Table legend:
 A = Non-vault XP
 B = Vault XP
 C = Vault XP percentage of total XP
 D = Non-vault monster count
 E = Vault monster count
 F = Vault count percentage of total count
                 A         B        C        D         E       F
            +---------+---------+-------+---------+---------+-------
      Total |     150 |      10 |   6.2 |      44 |       5 |  10.2
            +---------+---------+-------+---------+---------+-------
        D:1 |      24 |       3 |  11.1 |      13 |       2 |  13.3
        D:2 |     101 |       0 |   0.0 |      23 |       0 |   0.0
        D:3 |      25 |       7 |  21.9 |       8 |       3 |  27.3
            +---------+---------+-------+---------+---------+-------
